 Dungeon Crawl Stone Soup version 0.18.1-6-gd335043 (webtiles) character file.

18 Liquid the Shooter (level 2, -3/24 HPs)
             Began as a Centaur Hunter on May 16, 2016.
             Slain by an adder (4 damage)
             ... on level 1 of the Dungeon.
             The game lasted 00:03:19 (1458 turns).

Liquid the Shooter (Centaur Hunter)                 Turns: 1458, Time: 00:03:20

Health: -3/24      AC:  4    Str: 14    XL:     2   Next: 51%
Magic:  2/2        EV:  9    Int: 10    God:
Gold:   67         SH:  0    Dex:  9    Spells: 0 memorised, 1 level left

rFire  . . .     SeeInvis .     a - +1 shortbow
rCold  . . .     Gourm    .     c - +0 leather armour
rNeg   . . .     Faith    .     (shield currently unavailable)
rPois  .         Spirit   .     (no helmet)
rElec  .         Dismiss  .     (no cloak)
rCorr  .         Reflect  .     (no gloves)
SustAt .         Harm     .     (no barding)
MR     .....                    (no amulet)
Stlth  +.........               (no ring)
                                (no ring)

@: lethally poisoned (-3 -> -17), very quick, not resistant to hostile
enchantments, very unstealthy
A: hooves 3, deformed body, speed 2, tough skin 3
a: no special abilities


You were on level 1 of the Dungeon.
You were hungry.

You visited 1 branch of the dungeon, and saw 2 of its levels.

You collected 67 gold pieces.

Inventory:

Hand Weapons
 a - a +1 shortbow (weapon)
 b - a +0 short sword
Missiles
 d - 4 arrows (quivered)
Armour
 c - a +0 leather armour (worn)
 j - a +0 plate armour
Scrolls
 e - a scroll of teleportation {unknown}
 h - a scroll of recharging {unknown}
 k - a scroll of blinking {unknown}
 m - 2 scrolls of identify {unknown}
Potions
 g - 3 potions of curing {unknown}
 i - a potion of might {unknown}
Comestibles
 f - a bread ration
 l - a beef jerky


   Skills:
 - Level 2.0 Fighting
 + Level 6.3 Bows
 - Level 1.3 Dodging
 - Level 0.5 Stealth


You had one spell level left.
You didn't know any spells.

Dungeon Overview and Level Annotations

Branches:
Dungeon (2/15)

Altars:


Innate Abilities, Weirdness & Mutations

You have hooves in place of feet.
Armour fits poorly on your strangely shaped body.
You cover ground very quickly.
You have extremely tough skin (AC +3).


Message History

* * * LOW HITPOINT WARNING * * *
You feel sick.
There is a stone staircase leading down here.
You are too injured to fight recklessly!
You are too injured to fight recklessly!
Really attack while wielding your +1 shortbow?
Okay, then.
Firing (i - inventory):
d - 6 arrows (quivered)
Press: ? - help, Shift-Dir - straight line, f - adder
Aim: an adder (almost dead)
You shoot an arrow. The arrow closely misses the adder.
* * * LOW HITPOINT WARNING * * *
You feel sick. The adder barely misses you.
Firing (i - inventory):
d - 5 arrows (quivered)
Press: ? - help, Shift-Dir - straight line, f/p - adder
Aim: an adder (almost dead)
You shoot an arrow. The arrow closely misses the adder.
* * * LOW HITPOINT WARNING * * *
You feel sick. The adder bites you.
You die...

#######
############.....#
...........#....@#
...............S.#
########.....#####
.......#.....#
.......#.....#
#####........#
#.##..#.....#
##########
#..#..#.....#
#........#
##..#..#.....#####
#.######.#


You could see an adder.

Vanquished Creatures
  2 giant cockroaches (D:1)
  2 goblins (D:1)
  2 hobgoblins (D:1)
  A quokka (D:2)
  A ball python (D:1)
  3 bats (D:1)
  A giant newt (D:1)
  3 kobolds (D:1)
  4 rats (D:1)
19 creatures vanquished.

Notes
Turn   | Place    | Note
--------------------------------------------------------------
     0 | D:1      | Liquid the Centaur Hunter began the quest for the Orb.
     0 | D:1      | Reached XP level 1. HP: 17/17 MP: 1/1
     3 | D:1      | Noticed a spriggan
     5 | D:1      | Noticed a felid
     5 | D:1      | Noticed a gargoyle
     7 | D:1      | Noticed a tengu
     7 | D:1      | Noticed a vine stalker
     9 | D:1      | Noticed a demigod
     9 | D:1      | Noticed an octopode
    11 | D:1      | Noticed a centaur
    13 | D:1      | Noticed a merfolk
    13 | D:1      | Noticed a halfling
    15 | D:1      | Noticed a vampire
    15 | D:1      | Noticed a draconian
    17 | D:1      | Noticed an elf
    19 | D:1      | Noticed a troll
    21 | D:1      | Noticed a formicid
    21 | D:1      | Noticed an ogre
    23 | D:1      | Noticed a human
    23 | D:1      | Noticed a minotaur
    25 | D:1      | Noticed a naga
    25 | D:1      | Noticed a dwarf
    27 | D:1      | Noticed a demonspawn
    27 | D:1      | Noticed a ghoul
   248 | D:1      | Reached XP level 2. HP: 15/24 MP: 2/2
   506 | D:1      | Reached skill level 6 in Bows
  1458 | D:1      | HP: 1/24 [poisoned by an adder]
  1458 | D:1      | Slain by an adder

Skill      XL: |  1  2 |
---------------+-------+-----
Bows           | 6 |  6.3
Fighting       | |  2.0
Dodging        | |  1.3
Stealth        | |  0.5

Action                   || total
-------------------------++-------
Melee: Short sword       ||    60
       Kick              ||    11
 Fire: Shortbow          ||    16
Armor: Leather armour    ||    25
Dodge: Dodged            ||    42
